 Dungeon Crawl Stone Soup version 0.32-a0-876-gcfddb08e57 (webtiles) character file.

Game seed: 13638605737728479071

410 smashvw the Mimic (level 6, 0/43 HPs)
             Began as a Merfolk Shapeshifter on Apr 1, 2024.
             Succumbed to an adder's poison
             ... on level 5 of the Dungeon.
             The game lasted 00:04:50 (2898 turns).

smashvw the Mimic (Merfolk Shapeshifter)            Turns: 2898, Time: 00:04:51

Health: 0/43       AC:  0    Str: 16    XL:     6   Next: 89%
Magic:  6/6        EV: 15    Int:  9    God:
Gold:   96         SH:  0    Dex: 14    Spells: 5/5 levels left

rFire   . .          .
                       - Unarmed
rCold   . . .        (shield currently unavailable)
rNeg    . . .        a - melded +0 animal skin
rPois   .            (no helmet)
rElec   .            (no cloak)
rCorr   .            (no gloves)
SInv    .            (no boots)
Will    .....        (no amulet)
Stlth   +            r - +4 ring of slaying
HPRegen 0.27/turn    (no ring)
MPRegen 0.10/turn

%: no passive effects
@: lethally poisoned (0 -> -3), flux-form, attractive, glowing
A: glow, contaminating, (nimble swimmer 2), mertail
a: Begin Untransformation


You were on level 5 of the Dungeon.
You were something dangerously unstable.
You visited 1 branch of the dungeon, and saw 5 of its levels.

You collected 96 gold pieces.

Inventory:

Armour
 a - a +0 animal skin (melded)
 h - a +0 cloak
 n - a +0 pair of gloves
 q - a +0 pair of boots of stealth
 s - a +0 scale mail of poison resistance
Jewellery
 f - a ring of wizardry
 r - a +4 ring of slaying (left hand)
Talismans
 c - a beast talisman
 d - a flux talisman (active)
Scrolls
 g - a scroll of enchant armour {unknown}
 i - 2 scrolls of enchant weapon {unknown}
 j - 2 scrolls of identify {unknown}
 l - 3 scrolls of poison {unknown}
 m - a scroll of immolation {unknown}
 o - a scroll of noise {unknown}
 p - 2 scrolls of teleportation {unknown}
Potions
 e - a potion of might {unknown}
 k - a potion of brilliance {unknown}


   Skills:
 - Level 1.1 Fighting
 - Level 2.6 Dodging
 - Level 3.2 Unarmed Combat
 + Level 9.2 Shapeshifting


You had 5 spell levels left.
You didn't know any spells.
Your spell library contained the following spells:

 Spells                   Type           Power      Damage    Failure   Level
 Scorch                   Fire           0%         2d5       52%         2
 Dazzling Flash           Conj/Hex       0%         N/A       77%         3
 Mephitic Cloud           Conj/Alch/Air  0%         N/A       77%         3
 Flame Wave               Conj/Fire      0%         2d4       99%         4
 Curse of Agony           Necr           0%         N/A       100%        5
 Silence                  Hex/Air        0%         N/A       100%        5
 Summon Cactus Giant      Summ           0%         N/A       100%        6


Dungeon Overview and Level Annotations

Branches:
Dungeon (6/15)
 Temple: D:4-7

Altars:

Annotations:
D:3 Grinder


Innate Abilities, Weirdness & Mutations

You are something dangerously unstable.
You glow with magical radiation, making you easy to see and hit.
Foes you strike become dangerously contaminated with magical radiation.
You are incapable of wielding weapons or throwing items.
((You are very nimble when in or above water. (Stealth+, EV+, Speed+++)))
Your lower body shifts to a powerful aquatic tail in water.


Message History

Your Shapeshifting skill increases to level 9!
No target in view!
r - a +4 ring of slaying Key pressed, stopping explore.
r - a +4 ring of slaying (left hand)
Found 6 stones.
You see here a +0 scale mail of poison resistance.
s - a +0 scale mail of poison resistance You see here 6 stones. 2 ufetubi come into view.
Found 4 stones.
The ufetubus shouts!
You hear an angry hiss.
An adder comes into view.
The adder hisses angrily.
The adder barely misses you.
You closely miss the adder.
An adder comes into view.
The adder closely misses you.
You miss the adder.
The adder hisses angrily.
The adder completely misses you. The ufetubus hits you. x2
You hit the adder but do no damage.
The adder begins to glow.
The adder bites you. The ufetubus closely misses you. The ufetubus hits you.
You barely miss the adder. The adder bites you.
You are poisoned.
The adder poisons you! The ufetubus slips past you!
The ufetubus barely misses you. The ufetubus hits you. The adder bites you.
The ufetubus hits you. The ufetubus barely misses you.
You are too injured to fight recklessly!
You are too injured to fight recklessly!
You feel sick. The ufetubus attacks as it pursues you!
The ufetubus hits you. x2
* * * LOW HITPOINT WARNING * * *
The ufetubus completely misses you. The ufetubus hits you.
* * * LOW HITPOINT WARNING * * *
The ufetubus slips past you! The ufetubus closely misses you.
The ufetubus hits you.
* * * LOW HITPOINT WARNING * * *
It was a potion of attraction.
You feel attractive to monsters.
You die...

#...#...#.#
#...#...#.#
.#.###.##.#
###...###.###
............########
.........##........#
...................#
.........####..5.(.#
########## ##.#p5.#
####..# #SS.# .....#
.......# ...(.....#
.#.......# ##..#...#
#####..#


You could see an adder and 2 ufetubi.

Vanquished Creatures
  Eustachio (D:5)
  A bullfrog (D:5)
  A hound (D:5)
  Jessica (D:3)
  An iguana (D:5)
  Terence (D:2)
  5 adders
  4 dart slugs
  2 ribbon worms (D:2)
  2 ball pythons
  7 endoplasms
  3 giant cockroaches
  4 goblins
  7 hobgoblins
  2 jackals (D:2)
  3 kobolds (D:1)
  4 bats
  A frilled lizard (D:2)
  3 rats
53 creatures vanquished.

Notes
Turn   | Place    | Note
-------+----------+-------------------------------------------
     0 | D:1      | smashvw the Merfolk Shapeshifter began the quest for the
                  | Orb.
     0 | D:1      | Reached XP level 1. HP: 15/15 MP: 1/1
   239 | D:1      | Reached XP level 2. HP: 4/21 MP: 2/2
   473 | D:1      | Reached skill level 5 in Shapeshifting
   802 | D:1      | Reached XP level 3. HP: 19/26 MP: 3/3
  1264 | D:2      | Noticed Terence
  1274 | D:2      | Killed Terence
  1275 | D:2      | Reached skill level 6 in Shapeshifting
  1275 | D:2      | Reached XP level 4. HP: 32/32 MP: 4/4
  2171 | D:3      | Noticed Grinder
  2268 | D:3      | Reached XP level 5. HP: 37/37 MP: 5/5
  2347 | D:3      | Reached skill level 7 in Shapeshifting
  2369 | D:3      | Noticed Jessica
  2374 | D:3      | Killed Jessica
  2389 | D:3      | You fall into a shaft and drop 3 floors!
  2406 | D:5      | Entered Level 5 of the Dungeon
  2601 | D:5      | Noticed Eustachio
  2612 | D:5      | Killed Eustachio
  2613 | D:5      | Reached skill level 8 in Shapeshifting
  2613 | D:5      | Reached XP level 6. HP: 16/43 MP: 6/6
  2732 | D:5      | Reached skill level 9 in Shapeshifting
  2897 | D:5      | HP: 1/43 [ufetubus (4)]
  2898 | D:5      | Succumbed to an adder's poison

Illustrated notes

Levels and vault maps discovered:
D:1:      heliophobic_arrival_enchanted_forest, layout_loops_corners
D:2:      layout_basic, uniq_terence
D:3:      layout_basic, skrybe_limestone_x, uniq_grinder, uniq_jessica
D:5:      nicolae_cairo_tiling, layout_basic, nicolae_ru_the_path_less_chosen,
          fountainhead, serial_bayou_pond_b, nicolae_half_adder, uniq_eustachio
D:6:      layout_basic, mainiacjoe_overflow_surrounded_room

Skill      XL: |  1  2  3  4  5  6 |
---------------+-------------------+-----
Shapeshifting  | 5 6 8 9 |  9.2
Fighting       | |  1.1
Dodging        | |  2.6
Unarmed Combat | |  3.2

Action                     |  1- 3 |  4- 6 || total
---------------------------+-------+-------++-------
  Melee: Unarmed           |    76 |    93 ||   169
         Punch             |     2 |     2 ||     4
    Use: Potion            |     1 |     1 ||     2
   Stab: Sleeping          |     3 |     3 ||     6
 Armour: Animal skin       |    33 |    34 ||    67
         Skin              |     2 |    30 ||    32
  Dodge: Dodged            |    30 |    58 ||    88
   Form: Flux              |       |     1 ||     1

Table legend: (Time is in decaauts)
 A = Elapsed time spent in this place.
 B = Non-inter-level travel time spent in this place.
 C = Inter-level travel time spent in this place.
 D = Time resting spent in this place.
 E = Time spent auto-exploring this place.
 F = Levels seen in this place.
 G = Mean time per level.
                   A        B        C        D        E       F      G
               +--------+--------+--------+--------+--------+-----+--------+
         Total |   2886 |   2758 |    128 |     78 |   2266 |   5 |  577.2 |
       Dungeon |   2886 |   2758 |    128 |     78 |   2266 |   5 |  577.2 |
               +--------+--------+--------+--------+--------+-----+--------+

Top non-repeatable levels by time:
     D:2: 1229 daAuts
     D:1: 992 daAuts
     D:5: 489 daAuts
     D:3: 157 daAuts
     D:6: 16 daAuts
